SL
LAS VEGAS FLAMINGOS @ LEXINGTON LEMMINGS
10/01/2020
 
TOP OF THE 1ST
Las Vegas Flamingos batting - Pitching for Lexington Lemmings : LHP Leslie Brooks
Pitching: LHP Leslie Brooks
Batting: RHB Travis Newsome 0-0: Called Strike
0-1: Ball
1-1: Ball
2-1: SINGLE (Line Drive, 7LM)
Batting: RHB Steven Talley 0-0: Swinging Strike
0-1: Ball
1-1: Ball
2-1: Foul Ball, location: 2F
2-2: Fly out, F8 (Popup, 4MD)
Batting: RHB Bill Taylor 0-0: Ball
1-0: Ground out 4-3 (Groundball, 4M)
Travis Newsome to second
Batting: RHB Matt Sheppard 0-0: Ball
1-0: Ball
2-0: Swinging Strike
2-1: Ball
3-1: SINGLE (Line Drive, 56D)
Travis Newsome to third
Runner from 3rd tries for Home, SAFE, no throw or cutoff
Batting: LHB José Meléndez 0-0: Ball
1-0: Ball
2-0: Ball
3-0: Called Strike
3-1: Foul Ball, location: 2F
3-2: Base on Balls
Matt Sheppard to second
Batting: RHB Jeff Young 0-0: Called Strike
0-1: Foul Ball, location: 2F
0-2: Foul Ball, location: 2F
0-2: Foul Ball, location: 2F
0-2: Ball
1-2: Strikes out looking
Top of the 1st over - 1 run(s), 2 hit(s), 0 error(s), 2 left on base; Las Vegas 1 - Lexington 0
BOTTOM OF THE 1ST
Lexington Lemmings batting - Pitching for Las Vegas Flamingos : LHP Allen Blair
Pitching: LHP Allen Blair
Batting: LHB Charles Mathes 0-0: Swinging Strike
0-1: Swinging Strike
0-2: Strikes out swinging
Batting: RHB Júlio Morín 0-0: Called Strike
0-1: Foul Ball, location: 2F
0-2: Ball
1-2: Ball
2-2: Foul Ball, location: 2F
2-2: Ball
3-2: Strikes out swinging
Batting: RHB Juan Cabrera 0-0: Ground out 6-3 (Groundball, 6M)
Bottom of the 1st over - 0 run(s), 0 hit(s), 0 error(s), 0 left on base; Las Vegas 1 - Lexington 0
TOP OF THE 2ND
Las Vegas Flamingos batting - Pitching for Lexington Lemmings : LHP Leslie Brooks
Batting: LHB Ron Goodwin 0-0: Called Strike
0-1: Fly out, F3 (Popup, 23)
Batting: RHB Terry Sylvester 0-0: Ball
1-0: Fly out, F4 (Line Drive, 34)
Batting: RHB Allen Blair 0-0: Called Strike
0-1: Swinging Strike
0-2: Strikes out looking
Top of the 2nd over - 0 run(s), 0 hit(s), 0 error(s), 0 left on base; Las Vegas 1 - Lexington 0
BOTTOM OF THE 2ND
Lexington Lemmings batting - Pitching for Las Vegas Flamingos : LHP Allen Blair
Batting: LHB Félix Pérez 0-0: Ball
1-0: Called Strike
1-1: Ground out 4-3 (Groundball, 4)
Batting: RHB Júlio Gruzmán 0-0: Called Strike
0-1: Called Strike
0-2: Ball
1-2: DOUBLE (Line Drive, 7LS)
Batting: RHB Gustavo Mateo 0-0: Swinging Strike
0-1: Ball
1-1: Ball
2-1: Ball
3-1: Foul Ball, location: 2F
3-2: Foul Ball, location: 2F
3-2: Foul Ball, location: 2F
3-2: Strikes out looking
Batting: LHB Jeff Walsh 0-0: Swinging Strike
0-1: Foul Ball, location: 2F
0-2: Ball
1-2: Foul Ball, location: 2F
1-2: Strikes out swinging
Bottom of the 2nd over - 0 run(s), 1 hit(s), 0 error(s), 1 left on base; Las Vegas 1 - Lexington 0
TOP OF THE 3RD
Las Vegas Flamingos batting - Pitching for Lexington Lemmings : LHP Leslie Brooks
Batting: RHB Travis Newsome 0-0: Ball
1-0: Ball
2-0: Ball
3-0: Called Strike
3-1: Foul Ball, location: 2F
3-2: Foul Ball, location: 2F
3-2: Ground out 6-3 (Groundball, 6)
Batting: RHB Steven Talley 0-0: Foul Ball, location: 2F
0-1: Foul Ball, location: 2F
0-2: Foul Ball, location: 2F
0-2: Strikes out swinging passed ball, reaches first!
Batting: RHB Bill Taylor 0-0: Grounds into double play, 6-4-3 (Groundball, 6)
Top of the 3rd over - 0 run(s), 0 hit(s), 0 error(s), 0 left on base; Las Vegas 1 - Lexington 0
BOTTOM OF THE 3RD
Lexington Lemmings batting - Pitching for Las Vegas Flamingos : LHP Allen Blair
Batting: SHB José Carlos Nieves 0-0: SINGLE (Groundball, 56D)
Batting: LHB Leslie Brooks 0-0: Sac Bunt - play at first, batter OUT! 5-4
José Carlos Nieves to second
Batting: LHB Charles Mathes 0-0: Called Strike
0-1: Swinging Strike
0-2: Ball
1-2: Ball
2-2: Ball
3-2: Base on Balls
Batting: RHB Júlio Morín 0-0: Called Strike
0-1: Ball
1-1: Ball
2-1: Swinging Strike
2-2: 3-RUN HOME RUN (Line Drive, 9LD), Distance : 362 ft
Batting: RHB Juan Cabrera 0-0: Ball
1-0: Foul Ball, location: 2F
1-1: DOUBLE (Flyball, 8LXD)
Batting: LHB Félix Pérez 0-0: Foul Ball, location: 2F
0-1: Ball
1-1: Called Strike
1-2: Ball
2-2: Strikes out swinging
Batting: RHB Júlio Gruzmán 0-0: Called Strike
0-1: Fly out, F4 (Line Drive, 4)
Bottom of the 3rd over - 3 run(s), 3 hit(s), 0 error(s), 1 left on base; Las Vegas 1 - Lexington 3
TOP OF THE 4TH
Las Vegas Flamingos batting - Pitching for Lexington Lemmings : LHP Leslie Brooks
Batting: RHB Matt Sheppard 0-0: Ball
1-0: Ball
2-0: SINGLE (Line Drive, 3D)
Batting: LHB José Meléndez 0-0: SINGLE (Groundball, 34D)
Matt Sheppard to second
Runner from 2nd tries for 3rd, SAFE, throw made to third
Batting: RHB Jeff Young 0-0: Called Strike
0-1: Ball
1-1: Ball
2-1: Grounds into double play, 4-6-3 (Groundball, 4)
Matt Sheppard scores
Batting: LHB Ron Goodwin 0-0: Foul Ball, location: 2F
0-1: Foul Ball, location: 2F
0-2: Strikes out swinging
Top of the 4th over - 1 run(s), 2 hit(s), 0 error(s), 0 left on base; Las Vegas 2 - Lexington 3
BOTTOM OF THE 4TH
Lexington Lemmings batting - Pitching for Las Vegas Flamingos : LHP Allen Blair
Batting: RHB Gustavo Mateo 0-0: Ball
1-0: Ball
2-0: Ball
3-0: Called Strike
3-1: Called Strike
3-2: Foul Ball, location: 2F
3-2: Strikes out swinging
Batting: LHB Jeff Walsh 0-0: Swinging Strike
0-1: Called Strike
0-2: Ball
1-2: Ball
2-2: Foul Ball, location: 2F
2-2: Strikes out looking
Batting: SHB José Carlos Nieves 0-0: Called Strike
0-1: Called Strike
0-2: Strikes out looking
Bottom of the 4th over - 0 run(s), 0 hit(s), 0 error(s), 0 left on base; Las Vegas 2 - Lexington 3
TOP OF THE 5TH
Las Vegas Flamingos batting - Pitching for Lexington Lemmings : LHP Leslie Brooks
Batting: RHB Terry Sylvester 0-0: Called Strike
0-1: Foul Ball, location: 2F
0-2: Strikes out swinging
Batting: RHB Allen Blair 0-0: SINGLE (Groundball, 56D)
Batting: RHB Travis Newsome 0-0: SINGLE (Popup, 4)
Allen Blair to second
Runner from 2nd tries for 3rd, SAFE, throw made to third
Batting: RHB Steven Talley 0-0: Called Strike
0-1: Foul Ball, location: 2F
0-2: Ball
1-2: Foul Ball, location: 2F
1-2: Fly out, F9 (Line Drive, 9M)
Runner from 3rd tags up, SCORES, throw made
Batting: RHB Bill Taylor 0-0: Ball
1-0: Called Strike
1-1: Swinging Strike
1-2: Foul Ball, location: 2F
1-2: Strikes out looking
Top of the 5th over - 1 run(s), 2 hit(s), 0 error(s), 1 left on base; Las Vegas 3 - Lexington 3
BOTTOM OF THE 5TH
Lexington Lemmings batting - Pitching for Las Vegas Flamingos : LHP Allen Blair
Batting: LHB Leslie Brooks 0-0: Foul Ball, location: 2F
0-1: Ball
1-1: Ball
2-1: Ball
3-1: Called Strike
3-2: Ground out 4-3 (Groundball, 4)
Batting: LHB Charles Mathes 0-0: Ball
1-0: Swinging Strike
1-1: Ball
2-1: Ball
3-1: Swinging Strike
3-2: Strikes out looking
Batting: RHB Júlio Morín 0-0: Called Strike
0-1: Fly out, F9 (Flyball, 9M)
Bottom of the 5th over - 0 run(s), 0 hit(s), 0 error(s), 0 left on base; Las Vegas 3 - Lexington 3
TOP OF THE 6TH
Las Vegas Flamingos batting - Pitching for Lexington Lemmings : LHP Leslie Brooks
Batting: RHB Matt Sheppard 0-0: Ball
1-0: DOUBLE (Line Drive, 9LS)
Batting: LHB José Meléndez 0-0: Called Strike
0-1: SINGLE (Groundball, 4MD)
Matt Sheppard to third
Batting: RHB Jeff Young 0-0: Called Strike
0-1: SINGLE (Groundball, 6MD)
Matt Sheppard scores
José Meléndez to second
Batting: LHB Ron Goodwin 0-0: Ball
1-0: Ball
2-0: Called Strike
2-1: Ball
3-1: Ground out 4-3 (Groundball, 4M)
José Meléndez to third
Jeff Young to second
Batting: RHB Terry Sylvester 0-0: Intentional Walk
Batting: RHB Allen Blair 0-0: Ball
1-0: Ball
2-0: Ground out U3 (Groundball, 3S)
José Meléndez scores
Jeff Young to third
Terry Sylvester to second
Batting: RHB Travis Newsome 0-0: Ball
1-0: Ball
2-0: Ground out 5-3 (Groundball, 56)
Top of the 6th over - 2 run(s), 3 hit(s), 0 error(s), 2 left on base; Las Vegas 5 - Lexington 3
BOTTOM OF THE 6TH
Lexington Lemmings batting - Pitching for Las Vegas Flamingos : LHP Allen Blair
Batting: RHB Juan Cabrera 0-0: Ball
1-0: Ball
2-0: Called Strike
2-1: SINGLE (Line Drive, 56D)
Batting: LHB Félix Pérez 0-0: Ball
1-0: Ball
2-0: Foul Ball, location: 2F
2-1: Fly out, F7 (Flyball, 7S)
Batting: RHB Júlio Gruzmán 0-0: Foul Ball, location: 2F
0-1: Called Strike
0-2: Ground out 5-3 (Groundball, 56S)
Juan Cabrera to second
Batting: RHB Gustavo Mateo 0-0: Called Strike
0-1: Ball
1-1: Ball
2-1: Swinging Strike
2-2: Foul Ball, location: 2F
2-2: Ball
3-2: Fly out, F6 (Popup, 56D)
Bottom of the 6th over - 0 run(s), 1 hit(s), 0 error(s), 1 left on base; Las Vegas 5 - Lexington 3
TOP OF THE 7TH
Las Vegas Flamingos batting - Pitching for Lexington Lemmings : LHP Leslie Brooks
Batting: RHB Steven Talley 0-0: Called Strike
0-1: Ball
1-1: Ball
2-1: Ground out 4-3 (Groundball, 4)
Batting: RHB Bill Taylor 0-0: Ball
1-0: Ball
2-0: Ball
3-0: Base on Balls
Batting: RHB Matt Sheppard 0-0: Ball
1-0: Foul Ball, location: 2F
1-1: Swinging Strike
1-2: Ball
2-2: Ball
3-2: Foul Ball, location: 2F
3-2: Base on Balls
Bill Taylor to second
Pinch Hitting: RHB David Gómez 0-0: Grounds into double play, 4-6-3 (Groundball, 34)
Top of the 7th over - 0 run(s), 0 hit(s), 0 error(s), 1 left on base; Las Vegas 5 - Lexington 3
BOTTOM OF THE 7TH
Lexington Lemmings batting - Pitching for Las Vegas Flamingos : LHP Allen Blair
Now in LF: David Gómez
Batting: LHB Jeff Walsh 0-0: Called Strike
0-1: Called Strike
0-2: Fly out, F5 (Popup, 25F)
Batting: SHB José Carlos Nieves 0-0: Called Strike
0-1: Ball
1-1: Foul Ball, location: 2F
1-2: Strikes out swinging
Pinch Hitting: RHB Cory Staton 0-0: Ground out 5-3 (Groundball, 5)
Bottom of the 7th over - 0 run(s), 0 hit(s), 0 error(s), 0 left on base; Las Vegas 5 - Lexington 3
TOP OF THE 8TH
Las Vegas Flamingos batting - Pitching for Lexington Lemmings : LHP Leslie Brooks
Pitching: RHP Lawrence Bignold
Batting: RHB Jeff Young 0-0: Ball
1-0: Fly out, F8 (Line Drive, 8LM)
Batting: LHB Ron Goodwin 0-0: Ball
1-0: Called Strike
1-1: Fly out, F9 (Flyball, 89M)
Batting: RHB Terry Sylvester 0-0: Swinging Strike
0-1: Ball
1-1: Called Strike
1-2: Ball
2-2: Ground out 5-3 (Groundball, 56S)
Top of the 8th over - 0 run(s), 0 hit(s), 0 error(s), 0 left on base; Las Vegas 5 - Lexington 3
BOTTOM OF THE 8TH
Lexington Lemmings batting - Pitching for Las Vegas Flamingos : LHP Allen Blair
Now at 1B: Kyle Dempsey
Batting: LHB Charles Mathes 0-0: Ground out 6-3 (Groundball, 6M)
Batting: RHB Júlio Morín 0-0: Fly out, F7 (Flyball, 78S)
Batting: RHB Juan Cabrera 0-0: Foul Ball, location: 2F
0-1: Ball
1-1: Ball
2-1: SINGLE (Groundball, 6MD)
Batting: LHB Félix Pérez 0-0: Foul Ball, location: 2F
0-1: Ball
1-1: Ball
2-1: Foul Ball, location: 2F
2-2: Strikes out swinging
Bottom of the 8th over - 0 run(s), 1 hit(s), 0 error(s), 1 left on base; Las Vegas 5 - Lexington 3
TOP OF THE 9TH
Las Vegas Flamingos batting - Pitching for Lexington Lemmings : RHP Lawrence Bignold
Pinch Hitting: RHB Manny Freitas 0-0: Foul Ball, location: 2F
0-1: Swinging Strike
0-2: Fly out, F9 (Flyball, 9M)
Batting: RHB Travis Newsome 0-0: Called Strike
0-1: Foul Ball, location: 2F
0-2: Ball
1-2: Foul Ball, location: 2F
1-2: Ball
2-2: SINGLE (Line Drive, 56)
Batting: RHB Steven Talley 0-0: Ball
1-0: Called Strike
1-1: Ball
2-1: Swinging Strike
2-2: Fly out, F9 (Flyball, 9LMF)
2-2: Fly out, F9 (Flyball, 9LMF)
Batting: RHB Bill Taylor 0-0: Foul Ball, location: 2F
0-1: Ball
1-1: Ball
2-1: Foul Ball, location: 2F
2-2: Strikes out swinging
Top of the 9th over - 0 run(s), 1 hit(s), 0 error(s), 1 left on base; Las Vegas 5 - Lexington 3
BOTTOM OF THE 9TH
Lexington Lemmings batting - Pitching for Las Vegas Flamingos : LHP Allen Blair
Pitching: RHP Augusto Dávila
Batting: RHB Júlio Gruzmán 0-0: Ball
1-0: Ball
2-0: Called Strike
2-1: Ground out 4-3 (Groundball, 4S)
Batting: RHB Gustavo Mateo 0-0: Called Strike
0-1: Ball
1-1: Foul Ball, location: 2F
1-2: Strikes out swinging
Batting: LHB Jeff Walsh 0-0: Foul Ball, location: 2F
0-1: Ball
1-1: Ball
2-1: Ball
3-1: Foul Ball, location: 2F
3-2: SINGLE (Groundball, 34D)
Pinch Hitting: LHB Brad Elmore 0-0: Called Strike
0-1: Ball
1-1: Ball
2-1: Called Strike
2-2: Foul Ball, location: 2F
2-2: Foul Ball, location: 2F
2-2: Strikes out swinging
Bottom of the 9th over - 0 run(s), 1 hit(s), 0 error(s), 1 left on base; Las Vegas 5 - Lexington 3
This league is powered by Out of the Park Baseball, the baseball management simulation game for PC, Mac and Linux
Friday, October 23rd, 2015 - OOTP Baseball 16.9 Build 39